[Event "Karel Janecek Open 2024"]
[Site "Prague"]
[Date "2024.03.01"]
[Round "3.15"]
[White "Daakshin Arun"]
[Black "Muthaiah AL"]
[Result "0-1"]
[ECO "E51"]
[WhiteElo "2309"]
[BlackElo "2464"]
[Annotator "TA"]
[PlyCount "128"]
[EventDate "2024.02.22"]
[EventType "swiss"]
[EventCountry "CZE"]
[SourceTitle "playchess.com"]
[Source "ChessBase"]
[SourceQuality "1"]
[TimeControl "40/5400+30:1800+30"]

1. d4 Nf6 2. c4 e6 3. Nc3 Bb4 4. e3 O-O 5. Bd2 d5 6. Nf3 b6 7. cxd5 exd5 8. Bd3 Bd6 9. O-O Re8 10. Nb5 {[%emt 0:00:14] The position is equal.} Bf8 11. Ne5 Ba6 12. Be1 c5 {[%emt 0:00:28] aiming for ...c4.} 13. a4 Bb7 14. f4 a6 15. Nc3 Nc6 16. Bf2 Nb4 17. Bf5 g6 18. Bh3 cxd4 19. exd4 Ne4 20. f5 (20. Be1 $11) 20... Nxf2 21. Rxf2 {[%emt 0:00:48][%cal Oe5f7] [#]} Rxe5 22. dxe5 Bc5 23. Qd2 Qh4 24. Raf1 Re8 25. e6 fxe6 26. fxe6 d4 (26... a5 $1 $15 27. Qe2 Bc6) 27. Ne2 $11 d3 {[%emt 0:00:57][%mdl 1024] Black has compensation. Dancing on a razor blade. Active counter play!} 28. Nf4 a5 29. g3 (29. Nxd3 Nxd3 30. Qxd3 Rf8 $17) 29... Qd8 30. Bg2 $1 Bc8 {[%emt 0:01:35][%cal Oc8e6] A strong pair of Bishops.} 31. Kh1 Bxf2 32. Qxf2 Rf8 33. Qe3 Qd6 34. h4 Re8 $1 $132 {[%emt 0:00:31][%cal Rc8e6][%mdl 2048] Black is fighting back} 35. h5 Bxe6 36. hxg6 hxg6 37. Nh5 $1 {[%emt 0:01:08] And now Nf6+ would win.} Rf8 (37... gxh5 $2 38. Qg5+ Kh8 39. Rf6 $18 (39. Qxh5+ Kg7 $18)) 38. Nf6+ (38. Rxf8+ $11 Kxf8 39. Qh6+ Ke7 40. Qg5+ Kd7 41. Nf6+ Kc8 42. Ne4) 38... Kg7 (38... Rxf6 $5 39. Rxf6 d2 $17) 39. Nh5+ Kg8 {[%emt 0:00:24] ...Rxf1+ would now be deadly.} (39... gxh5 $5 40. Qg5+ $8 Kh8 (40... Kh7 $2 41. Be4+ $18) 41. Qh6+ Kg8 42. Qg5+ Kh8 (42... Kh7 $2 43. Be4+ $18) 43. Qxh5+ (43. Qh6+ Kg8 $11) 43... Kg8 (43... Kg7 44. Qg5+ Kh8 45. Qh6+ Kg8 46. Rxf8+ Qxf8 47. Qxe6+ Qf7 48. Qxb6 $11) 44. Qg6+ Kh8 45. Qh6+ Kg8 46. Rxf8+ Qxf8 47. Qxe6+ Kg7 $11) 40. Nf6+ {[%emt 0:00:20] [#]} Rxf6 $1 41. Rxf6 {[%emt 0:30:44][%cal Oe3h6] Threatening mate with Qh6!} d2 42. Bf3 (42. Rxg6+ $2 Kf7 43. Kh2 d1=Q $19 (43... d1=R 44. Rxe6 Qxe6 45. Qf3+ Qf6 46. Qxd1 $16) (43... Kxg6 $2 44. Be4+ Kf7 45. Bf3 $19)) 42... d1=Q+ 43. Bxd1 Qxd1+ 44. Kh2 Bf7 (44... Qc2+ 45. Rf2 Qc4 (45... Qxa4 46. Qxe6+ Kg7 47. Rf7+ Kh6 48. Qh3+ Kg5 49. Qh4#) (45... Qc6 46. Rf6 $11) 46. Qg5 $11) 45. Rxb6 (45. Qxb6 $17 Nd5 (45... Qxa4 46. Rf2 $17) 46. Qd8+ Kg7 47. Rf2) 45... Qc2+ $19 (45... Qxa4 46. Rb8+ Kh7 47. Qc3 Qc2+ 48. Qxc2 Nxc2 49. Ra8 $11) 46. Kg1 Qb1+ (46... Qxa4 47. Rb8+ Kh7 48. Qd4 $11) 47. Kh2 (47. Kf2 $142) 47... Qxb2+ 48. Kg1 Qb1+ 49. Kh2 Qc2+ 50. Kg1 Qc7 {[%emt 0:00:00] Against Rb8+} (50... Qxa4 51. Rb8+ Kh7 52. Qd4 $11) (50... Nc6 $1 $19 51. Qe1 Qxa4) 51. Rb5 $17 Nd5 {[%emt 0:00:00] Repels Qf4} 52. Qg5 (52. Qf2 $17) 52... Qa7+ 53. Kg2 Ne3+ ({Black should play} 53... Kh7 54. Qe5 (54. Rxd5 $2 Qa8 $19) 54... Ne3+ 55. Kf3 Nf5 (55... Nc4 56. Qf4 $17)) 54. Kf3 Nc4 55. Qd8+ $2 (55. Qf4 $17 {was necessary.}) 55... Kh7 (55... Kg7 $19 56. Rb8 Qe3+ 57. Kg2 g5 58. Qh8+ Kg6 59. Rg8+ Kf5 60. Qh3+ Ke5 61. Qh8+ Ke6 62. Qh6+ Kd7 63. Qxg5 Qe2+ (63... Bxg8 $2 64. Qxg8 Qe2+ 65. Kg1 $19) 64. Kg1 Qd1+ 65. Kh2 Bxg8 66. Qxg8 Qxa4 67. Qg4+ Kc6 68. Qc8+ Kb6) 56. Rb8 {[%emt 0:00:00] [#]} (56. Qh4+ $17 {keeps fighting.} Kg7 57. Qf4) 56... Qe3+ (56... g5 $1 $19 {and Black stays clearly on top. White must now prevent ...Qe3+.} 57. Qh8+ Kg6 58. Rg8+ Kf5 59. Qh3+ Ke5 60. Rxg5+ Kd4) 57. Kg2 g5 (57... Qe2+ $17 58. Kg1 Qe1+ 59. Kh2 Qd2+ 60. Qxd2 Nxd2) 58. Qh8+ $2 (58. Qf6 $11 Bd5+ 59. Kh3 Qe6+ (59... Be6+ 60. Kh2 $11) 60. Qxe6 Bxe6+ 61. g4) 58... Kg6 $19 59. Rg8+ Kf5 60. Qh3+ Ke5 61. Qh8+ {[%emt 0:00:00] [#]} Ke6 $1 62. Qh6+ (62. Rb8 {only move.} Ne5 63. Qh6+ Kd7 64. Rb7+ Kc8 65. Rxf7 Qd2+ (65... Nxf7 $2 66. Qf8+ Nd8 67. Qf5+ Kb8 68. Qxa5 $19) 66. Kg1 (66. Rf2 $2 Qxf2+ 67. Kxf2 Ng4+ 68. Kf3 Nxh6 $19) 66... Qd4+ (66... Nxf7 $2 67. Qe6+ Qd7 68. Qa6+ Qb7 69. Qxa5 $19) 67. Kf1 (67. Rf2 $2 Qxf2+ 68. Kxf2 Ng4+ 69. Kg2 Nxh6 $19) 67... Qd1+ (67... Nxf7 $2 68. Qa6+ Kd7 69. Qxa5 $19) (67... Qc4+ $2 68. Kg2 $19) 68. Kg2 Qd5+ (68... Nxf7 $2 69. Qf8+ Nd8 70. Qc5+ Kd7 71. Qxa5 $17) 69. Kg1 Nxf7 (69... Qxf7 70. Qh8+ Kb7 71. Qxe5 $11) 70. Qb6) 62... Kd7 {[%emt 0:00:31] ( -> ...Bd5+)} 63. Qg7 $2 (63. Rxg5 $19 Ne5 64. Qh3+ Be6 65. Qh7+ Kd6 66. Rxe5 Qxe5 67. Qh6) 63... Ne5 64. Rf8 Qe2+ {[%emt 0:00:30] Weighted Error Value: White=0.34/Black=0.22 (precise) .  Loses game:     	White=1     	---        Mistake:       	White=9     	Black=6      Inaccurate:     	White=3     	Black=1      OK:         	White=15    	Black=23     Best:        	White=11    	Black=7      Strong:       	White=2     	Black=2      Brilliant:      	---       	Black=1} 0-1

[Event "Karel Janecek Open 2024"]
[Site "Prague"]
[Date "2024.03.01"]
[Round "3.16"]
[White "Isik, Alparslan"]
[Black "Novotny, Michal"]
[Result "1-0"]
[ECO "A11"]
[WhiteElo "2452"]
[BlackElo "2260"]
[Annotator "TA"]
[PlyCount "119"]
[EventDate "2024.02.22"]
[EventType "swiss"]
[EventCountry "CZE"]
[SourceTitle "playchess.com"]
[Source "ChessBase"]
[SourceQuality "1"]
[TimeControl "40/5400+30:1800+30"]

1. c4 c6 2. Nf3 d5 3. e3 Nf6 4. Nc3 e6 5. b3 Nbd7 6. Bb2 Bd6 7. Qc2 e5 8. cxd5 cxd5 9. Nb5 {[%emt 0:00:48] White is better.} Qb6 (9... Bb8 $16) 10. Nxd6+ $18 Qxd6 11. Be2 (11. a4 $142) 11... O-O $16 12. O-O Re8 13. Rac1 Nf8 14. Qc7 Qxc7 15. Rxc7 N6d7 16. Rfc1 f6 17. d4 {[%emt 0:01:29] Threatens to win with dxe5. White is much more active.} e4 18. Nd2 f5 ({Better is} 18... Ne6) 19. Bb5 $1 a6 {[%emt 0:00:52] [#]} 20. Bxd7 Nxd7 21. Ba3 a5 22. Nb1 a4 {[%emt 0:05:37] Black is weak on the dark squares} 23. bxa4 Nb6 24. Nc3 Be6 25. Rxb7 Nxa4 26. Nxa4 Rxa4 27. Bd6 {[%emt 0:00:09] Rcc7 would now be deadly.} Rc8 28. Rxc8+ Bxc8 {[%emt 0:00:01][%mdl 4096] Endgame. KRB-KRB} 29. Rb8 Rc4 {[%emt 0:00:07][%cal Rc4c1] [#]} 30. h4 $1 {[%emt 0:00:05] Hoping for Bc5.} Kf7 31. Ra8 ({White should play} 31. a4 $18) 31... Ke6 32. Be5 g6 33. a4 Rc6 34. Kh2 h6 35. Bf4 g5 (35... h5 $142 36. Ra7 Bd7) 36. hxg5 $18 hxg5 37. Bxg5 Kd7 38. Ra7+ Rc7 $2 (38... Kd6 39. Rg7 Rc2 40. Bf4+ Ke6) 39. Rxc7+ Kxc7 {[%emt 0:00:02] KB-KB} 40. Kg3 Kd6 41. Kf4 Ke6 42. a5 Ba6 43. Bh6 Bf1 44. Bf8 Be2 45. Bb4 Kf6 46. Bd6 Ba6 47. Be5+ Ke6 48. Kg5 Be2 49. Kg6 Bf1 50. Bf4 Ba6 51. Kg7 Bc8 52. Kf8 {[%emt 0:00:00] Intending Ke8 and mate.} Kd7 53. Kf7 Kc6 54. Kf6 Kb5 55. Bc7 Kc6 56. Bb6 Kb5 57. Ke5 Kc4 58. Bd8 Kd3 59. Kxd5 {[%emt 0:00:00] White threatens Bg5 and mate.} Ke2 60. Bg5 {[%emt 0:00:00] Weighted Error Value: White=0.09 (flawless) /Black=0.20 (precise) .  Mistake:       	White=2     	Black=4      Inaccurate:     	White=1     	Black=4      OK:         	White=17    	Black=11     Best:        	White=3     	Black=2      Strong:       	White=1     	---} 1-0

[Event "Karel Janecek Open 2024"]
[Site "Prague"]
[Date "2024.03.01"]
[Round "3.17"]
[White "Belenkaya, Dina"]
[Black "Stefan, Iulia-Cristiana"]
[Result "1/2-1/2"]
[ECO "D31"]
[WhiteElo "2202"]
[BlackElo "1772"]
[Annotator "RC"]
[PlyCount "107"]
[EventDate "2024.02.22"]
[EventType "swiss"]
[EventCountry "CZE"]
[SourceTitle "playchess.com"]
[Source "ChessBase"]
[SourceQuality "1"]
[TimeControl "40/5400+30:1800+30"]

1. d4 d5 2. c4 e6 3. Nc3 h6 4. cxd5 exd5 5. Bf4 Nf6 6. e3 Bd6 7. Bg3 c6 8. Bd3 O-O 9. Qc2 Qe7 10. Nge2 Re8 11. Bh4 Qe6 12. O-O-O b5 13. Nf4 Bxf4 14. exf4 Qd6 15. Bg3 Na6 16. f5 Qf8 17. Qd2 Nb4 18. Bb1 Ne4 19. Nxe4 dxe4 20. f6 Bf5 21. fxg7 Kxg7 22. Bf4 Kh7 23. g4 Bxg4 24. Rde1 Bf5 25. Rhg1 Rad8 26. a3 Nd3+ 27. Bxd3 exd3 28. Be3 Qd6 29. Rg3 Rg8 30. Qc3 Rde8 31. Kd2 Qd5 32. Reg1 Rg6 33. Kc1 Qa2 34. Re1 Qd5 35. Kd2 Rgg8 36. Kc1 Rg6 37. Qb4 Qc4+ 38. Qc3 Qd5 39. Qb4 Qc4+ 40. Qxc4 bxc4 41. Rf3 Be6 42. Rf4 Rg4 43. Rf6 Rg6 44. Rf3 a6 45. h3 Reg8 46. Kd2 Rb8 47. Kc1 Rbg8 48. Rf4 Rg1 49. Rxg1 Rxg1+ 50. Kd2 Kg6 51. Re4 Rh1 52. h4 Bd5 53. Rf4 Be6 54. Re4 1/2-1/2

[Event "Karel Janecek Open 2024"]
[Site "Prague"]
[Date "2024.03.01"]
[Round "3.18"]
[White "Mathisen, Pal Strande"]
[Black "Botez, Alexandra"]
[Result "0-1"]
[ECO "C02"]
[WhiteElo "1639"]
[BlackElo "1977"]
[Annotator "RC"]
[PlyCount "117"]
[EventDate "2024.02.22"]
[EventType "swiss"]
[EventCountry "CZE"]
[SourceTitle "playchess.com"]
[Source "ChessBase"]
[SourceQuality "1"]
[TimeControl "40/5400+30:1800+30"]

1. e4 e6 2. d4 d5 3. e5 c5 4. c3 Nc6 5. Nf3 Bd7 6. Bd3 cxd4 7. cxd4 Qb6 8. O-O Nxd4 9. Ng5 Nc6 10. Re1 Nh6 11. Nc3 Be7 12. Bf4 Bxg5 13. Bxg5 Nb4 14. Bb1 Ng8 15. Qg4 h5 16. Qh4 Nc6 17. Bd3 a6 18. Na4 Qb4 19. Rac1 Qxh4 20. Bxh4 Nb4 21. Nc5 Nxd3 22. Nxd3 Bc6 23. f4 Nh6 24. Nb4 Nf5 25. Bf2 Kd7 26. Red1 Rhc8 27. Bb6 Bb5 28. b3 Rxc1 29. Rxc1 Bc6 30. Nc2 g5 31. fxg5 Rg8 32. Ne3 Rxg5 33. Nxf5 Rxf5 34. Re1 f6 35. Bd4 fxe5 36. Bxe5 Bb5 37. g3 Bd3 38. Re3 Be4 39. Bb2 e5 40. h3 Ke6 41. a3 Kd6 42. b4 Bc2 43. Kg2 d4 44. g4 Rf4 45. Re2 Be4+ 46. Kg3 d3 47. Rd2 hxg4 48. hxg4 Rf3+ 49. Kh4 Rf8 50. Kg5 Rc8 51. Kf6 Rf8+ 52. Kg7 Rf4 53. g5 Ke6 54. Rh2 Rf7+ 55. Kg8 Rc7 56. Rf2 Bf5 57. g6 Bxg6 58. Rg2 Bf7+ 59. Kf8 0-1

[Event "Karel Janecek Open 2024"]
[Site "Prague"]
[Date "2024.03.01"]
[Round "3.19"]
[White "Hurtak, Otto"]
[Black "Botez, Andrea"]
[Result "1-0"]
[ECO "A36"]
[WhiteElo "1958"]
[BlackElo "1709"]
[Annotator "RC"]
[PlyCount "93"]
[EventDate "2024.02.22"]
[EventType "swiss"]
[EventCountry "CZE"]
[SourceTitle "playchess.com"]
[Source "ChessBase"]
[SourceQuality "1"]
[TimeControl "40/5400+30:1800+30"]

1. c4 Nf6 2. Nc3 g6 3. g3 Bg7 4. Bg2 d6 5. e4 O-O 6. Nge2 c5 7. O-O Nc6 8. d3 Rb8 9. h3 a6 10. f4 Nd7 11. a4 e6 12. Kh2 Qe7 13. Be3 f5 14. Qd2 Na5 15. Rab1 b6 16. exf5 gxf5 17. b3 Bb7 18. d4 Bxg2 19. Kxg2 cxd4 20. Nxd4 Nc5 21. Qc2 Rbc8 22. Bg1 Ncxb3 23. Nxb3 Rxc4 24. Rf3 Rfc8 25. Nxa5 Rxc3 26. Rxc3 Rxc3 27. Qe2 bxa5 28. Rb8+ Bf8 29. Bd4 Rc6 30. Qh5 Rc2+ 31. Kg1 Rc1+ 32. Kg2 e5 33. fxe5 Rc2+ 34. Kh1 dxe5 35. Be3 f4 36. gxf4 Qg7 37. Qf3 e4 38. Qxe4 Rc7 39. Qe6+ Rf7 40. Qg4 Rf6 41. Qxg7+ Kxg7 42. Bd4 Bd6 43. Rb6 Be7 44. Rxa6 Kg6 45. Bxf6 Bxf6 46. Rxa5 Bd8 47. Re5 1-0

[Event "Karel Janecek Open 2024"]
[Site "Prague"]
[Date "2024.03.02"]
[Round "4.1"]
[White "Li, Di"]
[Black "Harikrishnan.A.Ra"]
[Result "1/2-1/2"]
[ECO "A11"]
[WhiteElo "2563"]
[BlackElo "2448"]
[Annotator "RC"]
[PlyCount "174"]
[EventDate "2024.02.22"]
[EventType "swiss"]
[EventCountry "CZE"]
[SourceTitle "playchess.com"]
[Source "ChessBase"]
[SourceQuality "1"]
[TimeControl "40/5400+30:1800+30"]

1. c4 c6 2. Nf3 Nf6 3. e3 d5 4. Qc2 g6 5. b3 Bg7 6. Bb2 O-O 7. Be2 dxc4 8. bxc4 c5 9. Ne5 Nbd7 10. O-O Ne8 11. Nd3 b6 12. Bxg7 Nxg7 13. Nc3 Bb7 14. a4 Nf5 15. a5 e6 16. f3 Bc6 17. Ne4 Qe7 18. Ndf2 Nd6 19. Nxd6 Qxd6 20. Ra3 f5 21. Rfa1 Rad8 22. Qb2 Rb8 23. Qc3 Rfd8 24. R1a2 Qe7 25. axb6 axb6 26. Ra7 Ra8 27. Qa1 Qf8 28. d4 Rxa7 29. Rxa7 Ra8 30. d5 Qb8 31. Ra2 Rxa2 32. Qxa2 Qa8 33. Qxa8+ Bxa8 34. dxe6 Nf6 35. Nd1 Kf8 36. Nc3 Bc6 37. Bd1 Ke7 38. Ba4 Bb7 39. Bb5 Bc8 40. Nd5+ Kxe6 41. Nxb6 Bb7 42. Na4 Kd6 43. Nb2 Ng8 44. Nd3 Nh6 45. Kf2 Nf7 46. h3 Ne5 47. Nb2 g5 48. f4 gxf4 49. exf4 Ng6 50. g3 Be4 51. Nd1 Nf8 52. Ne3 Ne6 53. Ba4 Ke7 54. Bd1 Kf6 55. Ke1 Nd4 56. Kd2 Bf3 57. Bxf3 Nxf3+ 58. Kd3 Nd4 59. g4 Ne6 60. Nd5+ Kg6 61. Ke3 fxg4 62. hxg4 Nd4 63. Ke4 h5 64. gxh5+ Kxh5 65. Ne3 Kg6 66. Kd5 Kf7 67. Ng4 Ne6 68. Ne5+ Kf6 69. Ke4 Ke7 70. Nd3 Kf6 71. Nf2 Nd4 72. Ng4+ Ke6 73. Ne3 Kf6 74. Kd5 Kf7 75. Ke5 Nf3+ 76. Kd6 Nd4 77. Kd5 Nb3 78. Ng4 Kg6 79. Ne5+ Kf5 80. Nd3 Nd2 81. Kxc5 Ke4 82. Kb4 Kxd3 83. c5 Kd4 84. c6 Ne4 85. f5 Ke5 86. c7 Nd6 87. Kc5 Nc8 1/2-1/2

[Event "Karel Janecek Open 2024"]
[Site "Prague"]
[Date "2024.03.02"]
[Round "4.2"]
[White "Ilamparthi A R"]
[Black "Bharath Subramaniyam H"]
[Result "1-0"]
[ECO "C70"]
[WhiteElo "2426"]
[BlackElo "2515"]
[Annotator "TA"]
[PlyCount "63"]
[EventDate "2024.02.22"]
[EventType "swiss"]
[EventCountry "CZE"]
[SourceTitle "playchess.com"]
[Source "ChessBase"]
[SourceQuality "1"]
[TimeControl "40/5400+30:1800+30"]

1. e4 e5 2. Nf3 Nc6 3. Bb5 a6 4. Ba4 Bc5 5. O-O d6 6. c3 Bg4 7. d3 Nge7 8. Nbd2 O-O {[%emt 0:01:14] The position is equal.} 9. h3 Bh5 10. g4 Bg6 11. Nh4 f6 12. Ndf3 Bf7 13. d4 Ba7 14. d5 b5 15. Bc2 Na5 16. a4 c6 17. Qd3 cxd5 18. exd5 g6 19. Bh6 $36 {[%emt 0:09:42][%mdl 2048] Black is under pressure.} Re8 20. axb5 Bxd5 21. Nd2 {[%emt 0:06:48] Against Bc4. aiming for b4. The board is on fire.} axb5 22. Qxb5 {[%emt 0:00:05][%cal Ob2b4] b4! would now be deadly.} (22. Ne4 Bxe4 23. Qxe4 d5 $17) 22... Bc6 ({Black should play} 22... Kh8 $1 $14) 23. Qe2 $16 {[%emt 0:00:32] b4 is the strong threat. White has more active pieces.} d5 {[%emt 0:02:52] [#]} (23... Kh8 $16) 24. b4 $1 $18 Nb7 {[%emt 0:00:08] [#]} 25. b5 $1 Bd7 (25... Bxb5 {might work better.} 26. Qxb5 Nd6) 26. Qf3 Kf7 27. Bg5 Qb6 (27... Ng8 28. Qxd5+ Kg7 29. Qxb7 Bxf2+ 30. Kxf2 Rb8) 28. Ra6 e4 29. Nxe4 ({Not} 29. Qxf6+ Qxf6 30. Rxf6+ Kg7 $15) 29... dxe4 30. Bb3+ (30. Qxf6+ Qxf6 31. Rxf6+ Kg7 $19) 30... Kg7 31. Bxf6+ Kf8 32. Qf4 {[%emt 0:00:58] Weighted Error Value: White=0.03 (flawless) /Black=0.36.  Mistake:       	---       	Black=4      Inaccurate:     	White=2     	Black=1      OK:         	White=11    	Black=7      Best:        	White=2     	Black=2      Strong:       	White=2     	---} 1-0

[Event "Karel Janecek Open 2024"]
[Site "Prague"]
[Date "2024.03.02"]
[Round "4.3"]
[White "Xiang, Zeyu"]
[Black "Popovic, Dusan"]
[Result "1-0"]
[ECO "E90"]
[WhiteElo "2418"]
[BlackElo "2504"]
[Annotator "TA"]
[PlyCount "143"]
[EventDate "2024.02.22"]
[EventType "swiss"]
[EventCountry "CZE"]
[SourceTitle "playchess.com"]
[Source "ChessBase"]
[SourceQuality "1"]
[TimeControl "40/5400+30:1800+30"]

1. d4 Nf6 2. c4 g6 3. Nc3 Bg7 4. e4 d6 5. Nf3 O-O 6. h3 e5 7. d5 a5 8. g4 {[%emt 0:00:09] 8.Be3 gains popularity.} Na6 9. Be3 Nd7 {[%emt 0:00:51] E90: King's Indian: Classical: Early deviations and 6 h3.} 10. a3 Nac5 11. Nd2 a4 12. h4 Bf6 13. Qf3 $146 ({Predecessor:} 13. g5 Be7 14. Qc2 f6 15. Rg1 fxg5 16. hxg5 Nb6 17. O-O-O c6 18. f4 cxd5 19. cxd5 {0-1 Sabuk,P (2413)-Dahale,A (2186) Roquetas de Mar op 34th 2023 (3)}) 13... Bxh4 14. Qh3 g5 15. Nf3 f6 16. Nxh4 gxh4 17. Qxh4 Rf7 18. O-O-O Nf8 19. Be2 Nb3+ 20. Kb1 Qe7 21. Bd3 Ng6 22. Qh2 Bd7 23. Rdg1 Nd4 24. Qh6 c5 25. g5 f5 26. exf5 Bxf5 27. Bxf5 Nxf5 28. Qh3 e4 29. Rg4 Nxe3 30. Qxe3 (30. Rxe4 $6 Qxg5 31. fxe3 (31. Rxe3 Rd8 $18) 31... Qf5 32. Qxf5 Rxf5 $18) 30... Rf3 31. Qxe4 Qf7 32. Qe6 Qxe6 33. dxe6 Re8 34. Re4 $1 (34. Nxa4 Rxe6 35. Rg2 Ne5 $14) 34... Ne5 {[%emt 0:00:33] [#]} 35. Rh6 $1 (35. Nxa4 Rxe6 36. Rh2 Re7 $16) 35... Rxf2 36. Nd5 (36. Nxa4 Nf3 37. Rg4 Kg7 $11) 36... Kg7 37. Rf6 Rg2 38. e7 Rxg5 39. Rxd6 Nf7 $2 (39... Nc6 40. Ka2 h5) 40. Rde6 Rg1+ {[%emt 0:00:17] [#]} 41. Re1 $1 Rxe1+ 42. Rxe1 Nd6 43. Nc7 Rh8 $2 (43... Kf7 44. Nxe8 Nxe8) 44. e8=Q Nxe8 45. Nxe8+ Kg6 46. Rg1+ Kf5 47. Ng7+ Ke4 48. Rh1 Kd3 (48... b6 {keeps fighting.} 49. Rh6 Kf4 50. Ne6+ (50. Rxb6 h5 $18) 50... Kf5) 49. Rh4 $18 ({Much less strong is} 49. Ne6 Kxc4 50. Rh4+ (50. Rc1+ Kd5 $18) 50... Kb5) 49... b6 50. Ne6 Re8 51. Nc7 Re4 52. Rxh7 Kxc4 53. Rh3 Rg4 54. Ka2 Re4 55. Rc3+ Kd4 56. Nb5+ Kd5 57. Rh3 Kc6 58. Nc3 Rd4 59. Kb1 Kb7 60. Kc2 Ka6 61. Rd3 Rh4 62. Rd6 Ka7 63. Nd5 b5 64. Rc6 b4 65. Rxc5 Rh2+ 66. Kd3 bxa3 67. bxa3 Rh3+ 68. Ne3 Kb6 69. Re5 Rh1 70. Nc4+ Kc6 71. Kc3 Rb1 72. Nb2 1-0

[Event "Karel Janecek Open 2024"]
[Site "Prague"]
[Date "2024.03.02"]
[Round "4.4"]
[White "Harshavardhan G B"]
[Black "Quintiliano, Renato R."]
[Result "1-0"]
[ECO "B61"]
[WhiteElo "2392"]
[BlackElo "2493"]
[Annotator "TA"]
[PlyCount "114"]
[EventDate "2024.02.22"]
[EventType "swiss"]
[EventCountry "CZE"]
[SourceTitle "playchess.com"]
[Source "ChessBase"]
[SourceQuality "1"]
[TimeControl "40/5400+30:1800+30"]

1. e4 {[%emt 0:00:10] Hracek,Zbynek} c5 2. Nf3 d6 3. d4 cxd4 4. Nxd4 Nf6 5. Nc3 Nc6 6. Bg5 Bd7 7. Qd2 a6 8. Bxf6 {[%emt 0:01:55] B61: Sicilian: Richter-Rauzer: 6...Bd7 7 Qd2.} gxf6 9. Nf5 Rc8 10. Be2 Ne5 $146 ({Predecessor:} 10... Qb6 11. O-O Bxf5 12. exf5 Nd4 13. Nd5 Qxb2 14. Rab1 Nxe2+ 15. Qxe2 Qxa2 16. Rfd1 b5 {1-0 Hracek,Z (2629)-Krakops,M (2530) EU-chT (Men) 12th 1999 (1.2)}) 11. f4 Nc4 12. Bxc4 Rxc4 13. Qd3 Rc6 14. O-O-O e6 15. Rhe1 Qa5 16. Nd4 Rc8 17. Kb1 b5 (17... Rg8 $16) 18. e5 $1 $18 fxe5 19. fxe5 Rxc3 20. bxc3 (20. Qxc3 Qxc3 21. bxc3 dxe5 22. Rxe5 Rg8 $16) 20... d5 21. Rf1 Qc7 22. Rf3 Bg7 23. Rdf1 Rf8 24. Qxh7 Qxe5 25. R3f2 Rh8 26. Qd3 Rf8 27. Re2 Qc7 28. Qh7 Be5 {[%emt 0:00:51] [#]} 29. Nxe6 (29. Qh5 $142 $1 Bxd4 30. cxd4) 29... Bxe6 $18 30. Qh5 Qxc3 (30... Rh8 $142 31. Qxe5 Qxe5 32. Rxe5 Rxh2) 31. Qxe5 $18 (31. Rxe5 Kd7 32. Rf4 d4 33. Rd5+ Bxd5 34. Qxd5+ Kc7 $14) 31... Qb4+ 32. Kc1 Kd7 33. Rf4 Qa3+ 34. Qb2 Qc5 35. Qd4 Qa3+ 36. Kd1 Rc8 37. Qg7 Qxa2 38. Rxf7+ (38. Kc1 $16) 38... Bxf7 $14 39. Qxf7+ Kc6 40. Re6+ $1 Kc5 41. Qe7+ $1 Kd4 $1 (41... Kc4 $2 42. Re4+ dxe4 43. Qf7+ Kc5 44. Qxa2 $18) 42. Qg7+ Kc5 $1 43. Qe7+ Kd4 $1 ({Don't go for} 43... Kc4 $2 44. Re4+ dxe4 45. Qf7+ Kc5 46. Qxa2 $18) 44. Qf6+ Kc5 45. Re3 d4 $1 46. Qe7+ Kb6 47. Qd6+ Kb7 48. Qe7+ $2 {[%emt 0:00:04][%mdl 8192] [#]} (48. Re7+ $1 $11 {and White has nothing to worry.} Ka8 49. Rc7 Qa1+ 50. Ke2 d3+ 51. cxd3 (51. Kxd3 $2 {loses.} Qd1+ 52. Kc3 Qxd6 $19) 51... Re8+ 52. Re7 Qb2+ 53. Kf1 Rf8+ 54. Ke1 Qa1+ 55. Kd2 Qb2+ 56. Ke1 Qc1+ 57. Ke2 Qb2+ 58. Ke3 Qf2+ (58... Qxg2 59. Qxa6+ Kb8 60. Qa7+ Kc8 61. Qc7#) 59. Ke4 Qxg2+ 60. Kd4 Qg1+ 61. Ke4 Qg4+ 62. Kd5 Qg8+ 63. Kc5 Rc8+ 64. Kb6 Rb8+ 65. Kc5 Qg1+ 66. Kd5 Qg2+ 67. Kd4 Qg1+ 68. Kc3 Qc1+ 69. Kd4 Qa1+ 70. Kd5 Qa2+ 71. Ke4 Qe2+ 72. Kd4 Qf2+ 73. Ke4 Qe2+ 74. Kd4 Qf2+ 75. Kc3 Rc8+ 76. Rc7 Qe1+ 77. Kc2 Rxc7+ 78. Qxc7) 48... Kb6 $2 (48... Kb8 $1 $19 49. Qe5+ Rc7) 49. Qe6+ $11 Qxe6 50. Rxe6+ Ka5 51. g4 Rh8 52. Re2 Kb4 53. Rg2 a5 54. g5 Kc5 $2 (54... d3 $11) 55. g6 $18 Kd6 56. g7 Rg8 {[%emt 0:00:06] [#]} 57. h4 $1 Kd5 1-0

[Event "Karel Janecek Open 2024"]
[Site "Prague"]
[Date "2024.03.02"]
[Round "4.5"]
[White "Barbosa, Evandro Amorim"]
[Black "Neverov, Valeriy"]
[Result "1/2-1/2"]
[ECO "B67"]
[WhiteElo "2491"]
[BlackElo "2423"]
[Annotator "TA"]
[PlyCount "123"]
[EventDate "2024.02.22"]
[EventType "swiss"]
[EventCountry "CZE"]
[SourceTitle "playchess.com"]
[Source "ChessBase"]
[SourceQuality "1"]
[TimeControl "40/5400+30:1800+30"]

1. e4 c5 2. Nf3 d6 3. d4 cxd4 4. Nxd4 Nf6 5. Nc3 Nc6 6. Bg5 e6 7. Qd2 a6 8. O-O-O Bd7 9. Kb1 h6 10. Be3 Ng4 11. Nxc6 Bxc6 {[%emt 0:05:51] White is slightly better.} 12. Bd4 e5 13. Be3 Nxe3 14. Qxe3 b5 15. f4 exf4 16. Qxf4 Qg5 17. Qf2 {[%emt 0:18:06] aiming for Nd5.} Be7 18. Qb6 Qc5 19. Qxc5 (19. Qc7 {is more complex.} Rd8 20. Be2 Bf6 21. Rhf1) 19... dxc5 20. Nd5 Ra7 {[%emt 0:06:06] Prevents Nc7+.} 21. Be2 O-O 22. Bf3 Re8 23. Rhe1 Bh4 24. Re2 Re5 25. Nf4 c4 {[%emt 0:03:41] Prevents Nd3} 26. Rd6 Rc7 27. Nd5 {[%emt 0:01:35] Repels Be7} Bxd5 28. Rxd5 Bf6 29. c3 Kf8 30. Rd6 a5 31. Rb6 Rd7 32. Kc2 a4 33. Rd2 Rxd2+ 34. Kxd2 $11 {[%emt 0:00:09][%mdl 4096] Endgame. KRB-KRB} Bg5+ 35. Kc2 g6 36. Rb8+ Ke7 37. Rb7+ Kf6 38. b3 axb3+ 39. axb3 cxb3+ 40. Kxb3 h5 41. Kb4 Ke6 42. Rxb5 Be7+ 43. Kc4 Rxb5 44. Kxb5 {[%emt 0:00:07] KB-KB} Bd6 45. h3 Be5 46. c4 Kd6 47. c5+ Kc7 48. h4 Bg3 49. Kc4 ({White should try} 49. Bd1 $14) 49... Bxh4 50. e5 Bf2 (50... Kd7 $11) 51. Kd5 (51. Bd5 $14 Bg3 52. Kd4 (52. Bxf7 Bxe5 53. Bxg6 h4 $11) 52... Bf2+ 53. Kc4) 51... Kd7 {[%emt 0:01:06] The position is equal.} 52. Bd1 Ke7 53. Bb3 h4 54. Bd1 Be3 55. Bg4 Bf2 56. Kc6 Bd4 57. Kd5 Bf2 58. c6 {[%emt 0:02:36] [#] Intending c7 and mate.} Bb6 59. Bh3 Bc7 60. Bg4 Bb8 61. Bh3 Bc7 62. Bg4 {[%emt 0:00:56] Weighted Error Value: White=0.10 (very precise) /Black=0.06 (flawless) .  Mistake:       	White=2     	Black=1      Inaccurate:     	White=2     	Black=1      OK:         	White=22    	Black=27} 1/2-1/2